 Dungeon Crawl Stone Soup version 0.23.0 (webtiles) character file.

Game seed: 14466149129120444161

4400 Borgoz the Nimble (level 10, -4/65 HPs)
             Began as a Gargoyle Gladiator on Feb 9, 2019.
             Was an Initiate of Ashenzari.
             Slain by a two-headed ogre
             ... wielding a +0 giant club
              (7 damage)
             ... on level 8 of the Dungeon.
             The game lasted 00:17:02 (7717 turns).

Borgoz the Nimble (Gargoyle Gladiator)              Turns: 7717, Time: 00:17:03

Health: -4/65      AC: 20    Str: 18    XL:     10   Next: 35%
Magic:  0/10       EV: 15    Int:  9    God:    Ashenzari [......]
Gold:   932        SH:  0    Dex: 14    Spells: 9/9 levels left

rFire    + . .     SeeInvis .   H - +2 battleaxe (chop)
rCold    . . .     Gourm    .   (shield currently unavailable)
rNeg     + . .     Faith    .   t - +1 scale mail {rF+}
rPois    ∞         Spirit   +   c - +0 helmet
rElec    +         Reflect  .   (no cloak)
rCorr    .         Harm     .   D - +1 pair of gloves
MR       +....                  (no boots)
Stlth    ..........             g - amulet of guardian spirit
HPRegen  0.20/turn              C - ring of wizardry
MPRegen  0.12/turn              x - ring of protection from magic

@: no status effects
A: negative energy resistance 1, electricity resistance, unbreathing,
petrification resistance, rot immunity, AC +7
a: Curse Item, Renounce Religion


You were on level 8 of the Dungeon.
You worshipped Ashenzari.
Ashenzari was noncommittal.
You were very hungry.

You visited 2 branches of the dungeon, and saw 9 of its levels.

You collected 932 gold pieces.

Inventory:

Hand Weapons
 G - a +3 quarterstaff of chaos
 H - a +2 battleaxe of chopping (weapon)
Missiles
 d - 3 throwing nets (quivered)
 s - 78 poisoned needles
Armour
 c - a +0 helmet (worn)
 t - a +1 scale mail of fire resistance (worn)
 D - a +1 pair of gloves (worn)
Jewellery
 g - an amulet of guardian spirit (around neck)
 x - a ring of protection from magic (right hand)
 C - a ring of wizardry (left hand)
Wands
 y - a wand of flame (67)
Scrolls
 b - 3 scrolls of fear {unknown}
 l - a scroll of magic mapping {unknown}
 m - 2 scrolls of amnesia {unknown}
 n - 4 scrolls of enchant weapon {unknown}
 o - 5 scrolls of identify
 p - a scroll of blinking {unknown}
 q - a scroll of random uselessness {unknown}
 r - 5 scrolls of fog
 u - 5 scrolls of remove curse
 w - a scroll of immolation {unknown}
 B - 5 scrolls of teleportation {unknown}
 F - a scroll of acquirement {unknown}
Potions
 a - a potion of might {unknown}
 e - 3 potions of heal wounds
 h - 2 potions of brilliance
 i - 3 potions of mutation
 j - 4 potions of lignification
 v - 3 potions of degeneration
 z - 2 potions of agility
 A - a potion of berserk rage
Comestibles
 f - 20 rations


   Skills:
 + Level 8.6 Fighting
 + Level 1.6(4.8) Axes
   Level 7.9(8.0) Maces & Flails
 - Level 1.7 Throwing
 + Level 8.3 Armour
 * Level 9.4 Dodging


You had 9 spell levels left.
You didn't know any spells.
Your spell library was empty.

Dungeon Overview and Level Annotations

Branches:
Dungeon (8/15)             Temple (1/1) D:4            Lair (0/6) D:8

Altars:
Ashenzari
Cheibriados
Dithmenos
Elyvilon
Fedhas
Gozag
Hepliaklqana
Kikubaaqudgha
Makhleb
Nemelex Xobeh
Okawaru
Qazlal
Ru
Sif Muna
Trog
Uskayaw
Vehumet
Wu Jian
Xom
Yredelemnul
Zin
The Shining One


Innate Abilities, Weirdness & Mutations

You are resistant to torment.
Your stone body is resilient. (AC +7)
You are immune to poison.
You resist negative energy. (rN+)
You are resistant to electric shocks. (rElec)
You can survive without breathing.
You are immune to petrification.
You are immune to rotting.


Message History

The two-headed ogre hits you but does no damage. x2
You slash the two-headed ogre!
The two-headed ogre is heavily wounded.
The two-headed ogre closely misses you.
The two-headed ogre hits you but does no damage.
You hit the two-headed ogre.
The two-headed ogre is heavily wounded.
The two-headed ogre hits you with a +0 giant club!
The two-headed ogre hits you with a +0 dire flail!
You slash the two-headed ogre!
The two-headed ogre is severely wounded.
The two-headed ogre hits you with a +0 giant club!
* * * LOW HITPOINT WARNING * * *
The two-headed ogre misses you.
The two-headed ogre closely misses you. x2
You slash the two-headed ogre!
The two-headed ogre is almost dead.
The two-headed ogre hits you with a +0 giant club!
* * * LOW HITPOINT WARNING * * *
The two-headed ogre hits you with a +0 dire flail!
You die...

########## #........# #........+
#........# ##+## #........#
..... #........#......
####........#s.....
#.........#@Or.....
#.#######.#.#......
#.#.....#.#.# .....
#.#.......#.# ....
#....##.###.######## #....##.#
#........######### #####....##.#
#........##.......
#...#....##<###........##.......
#.#.#....##..........>.#........


You could see a two-headed ogre, a scorpion and a quokka.

Vanquished Creatures
  A yak (D:8)
  A hungry ghost (D:8)
  A porcupine (D:8)
  2 orc warriors
  A black bear (D:8)
  2 ice beasts
  A phantom (D:4)
  4 ogres
  A centaur (D:8)
  A big kobold (D:7)
  5 bullfrogs
  3 scorpions
  3 killer bees (D:8)
  4 wights (D:7)
  A howler monkey (D:7)
  4 crimson imps
  5 hounds
  Crazy Yiuf (D:6)
  5 orc priests
  2 centaur skeletons
  6 orc wizards
  A bullfrog skeleton (D:8)
  3 iguanas
  4 worker ants
  A hound zombie (D:6)
  A hound skeleton (D:4)
  A worker ant zombie (D:8)
  3 gnolls (D:2)
  13 adders
  2 oozes
  An adder zombie (D:5)
  An adder skeleton (D:8)
  A worm (D:2)
  2 dart slugs
  8 leopard geckos
  27 orcs
  3 giant cockroaches
  7 goblins
  5 hobgoblins
  6 jackals (D:1)
  10 kobolds
  5 quokkas
  5 ball pythons
  4 bats
  8 frilled lizards
  A jackal skeleton (D:6)
  A quokka zombie (D:5)
  10 rats
  7 fungi
195 creatures vanquished.

Notes
Turn   | Place    | Note
-------+----------+-------------------------------------------
     0 | D:1      | Borgoz the Gargoyle Gladiator began the quest for the Orb.
     0 | D:1      | Reached XP level 1. HP: 12/12 MP: 1/1
    68 | D:1      | Reached XP level 2. HP: 4/18 MP: 2/2
   431 | D:1      | Reached skill level 1 in Armour
   436 | D:1      | Reached XP level 3. HP: 14/22 MP: 3/3
   937 | D:2      | Noticed a bullfrog
   950 | D:2      | Killed a bullfrog
   950 | D:2      | Reached skill level 3 in Dodging
   950 | D:2      | Reached XP level 4. HP: 10/28 MP: 4/4
  1262 | D:2      | Reached XP level 5. HP: 22/32 MP: 5/5
  2564 | D:3      | Found a bloodstained altar of Trog.
  2797 | D:4      | Reached XP level 6. HP: 36/37 MP: 6/6
  2925 | D:4      | Noticed a phantom
  2942 | D:4      | Killed a phantom
  2942 | D:4      | Reached skill level 4 in Dodging
  3011 | D:4      | Reached XP level 7. HP: 4/43 MP: 7/7
  3316 | D:4      | Found a staircase to the Ecumenical Temple.
  3331 | Temple   | Entered the Ecumenical Temple
  4147 | D:5      | Entered Level 5 of the Dungeon
  4192 | D:5      | Found an opulent altar of Gozag.
  4354 | D:5      | Reached skill level 5 in Dodging
  4757 | D:5      | Reached XP level 8. HP: 29/48 MP: 4/8
  5123 | D:5      | Reached skill level 5 in Maces & Flails
  5312 | D:6      | Reached skill level 8 in Dodging
  5312 | D:6      | Reached XP level 9. HP: 59/59 MP: 9/9
  5971 | D:6      | Found a runed translucent door.
  5972 | D:6      | Noticed Crazy Yiuf
  5981 | D:6      | Killed Crazy Yiuf
  6317 | D:7      | Reached skill level 9 in Dodging
  6453 | D:7      | Found a sacrificial altar of Ru.
  6566 | D:7      | Reached XP level 10. HP: 64/64 MP: 10/10
  6622 | D:7      | Found a shattered altar of Ashenzari.
  6626 | D:7      | Became a worshipper of Ashenzari the Shackled
  6629 | D:7      | Found a stormy altar of Qazlal.
  6629 | D:7      | Found a sparkling altar of Nemelex Xobeh.
  6630 | D:7      | Found a glowing golden altar of the Shining One.
  6633 | D:7      | Found an ornate altar of the Wu Jian Council.
  7113 | D:8      | Reached skill level 1 in Axes
  7291 | D:8      | Found a staircase to the Lair.
  7705 | D:8      | Noticed a two-headed ogre
  7717 | D:8      | HP: 3/65 [two-headed ogre/+0 giant club (11)]
  7717 | D:8      | Slain by a two-headed ogre

Skill      XL: |  1  2  3  4  5  6  7  8  9 10 |
---------------+-------------------------------+-----
Armour         | 1 2 3 4 7 8 |  8.3
Fighting       | 3 4 7 8 |  8.6
Dodging        | 3 4 5 8 9 |  9.4
Maces & Flails | 4 7 |  7.9
Axes           | 1 |  1.6
Throwing       | |  1.7

Action                   |  1- 3 |  4- 6 |  7- 9 | 10-12 || total
-------------------------+-------+-------+-------+-------++-------
Melee: Flail             |   119 |   182 |   511 |       ||   812
       Battleaxe         |       |       |    32 |    77 ||   109
Evoke: Wand              |       |       |       |     3 ||     3
  Use: Potion            |     1 |       |     1 |       ||     2
       Scroll            |       |       |     9 |       ||     9
  Eat: Chunk             |       |     7 |    13 |     5 ||    25
Armor: Leather armour    |    17 |       |       |       ||    17
       Ring mail         |    71 |    68 |    14 |       ||   153
       Scale mail        |       |       |   313 |    32 ||   345
Dodge: Dodged            |   140 |   146 |   472 |    86 ||   844
